 Dungeon Crawl Stone Soup version 0.30-a0-782-ge64f9170bb (webtiles) character file.

Game seed: 2553943197622374965

45238 Ge0ff the Frost Mage (level 14, -2/97 HPs)
             Began as a Demonspawn Venom Mage on Feb 27, 2023.
             Was an Elder of Sif Muna.
             Slain by a catoblepas (27 damage)
             ... on level 4 of the Lair of Beasts.
             The game lasted 00:47:18 (18491 turns).

Ge0ff the Frost Mage (Demonspawn Venom Mage)       Turns: 18491, Time: 00:47:18

Health: -2/97      AC: 16    Str:  9    XL:     14   Next: 0%
Magic:  14/27      EV: 13    Int: 27    God:    Sif Muna [****..]
Gold:   1311       SH:  5    Dex: 14    Spells: 12/32 levels left

rFire   . . .      SeeInvis .    a - +2 spear (protect)
rCold   + . .      Faith    .    (no shield)
rNeg    . . .      Spirit   .    d - +2 robe {Will+}
rPois   .          Reflect  +    (helmet restricted)
rElec   .          Harm     .    Q - +0 cloak {rC+}
rCorr   .          Rampage  .    b - +0 pair of gloves
Will    ++...                    Y - +0 pair of boots
Stlth   ++                       l - amulet of reflection
HPRegen 0.36/turn                S - +4 ring of slaying {=R}
MPRegen 0.20/turn                G - +6 ring of intelligence

@: under a protective aura
A: antennae 2, rugged brown scales 2, ignite blood 1, powered by death 2,
augmentation 1
a: Renounce Religion, Channel Magic, Forget Spell, Divine Exegesis


You were on level 4 of the Lair of Beasts.
You worshipped Sif Muna.
Sif Muna was greatly pleased with you.
You visited 3 branches of the dungeon, and saw 16 of its levels.
You also visited: Ice Cave.

You collected 1311 gold pieces.

Inventory:

Hand Weapons
 a - a +2 spear of protection (weapon)
 m - a +1 heavy spear
 n - a +0 scimitar of flaming
 w - a +2 dagger of venom
Missiles
 g - a throwing net {=F}
 v - 3 curare-tipped darts {=F}
 D - 6 boomerangs (quivered)
 E - 3 atropa-tipped darts
 N - 41 poisoned darts
 R - 19 boomerangs of dispersal
Armour
 b - a +0 pair of gloves (worn)
 d - a +2 robe of willpower (worn)
 h - a +0 buckler
 j - +0 steam dragon scales
 r - a +0 leather armour of fire resistance
 I - a +1 kite shield of cold resistance
 Q - a +0 cloak of cold resistance (worn)
 U - a scarf of repulsion
 Y - a +0 pair of boots (worn)
Magical Staves
 B - a staff of death
 V - a staff of cold
Jewellery
 e - a ring of see invisible
 l - an amulet of reflection (around neck)
 p - a ring of resist corrosion
 C - a +6 ring of strength
 G - a +6 ring of intelligence (right hand)
 J - a ring of positive energy
 S - a +4 ring of slaying (left hand) {=R}
Wands
 f - a wand of flame (33)
 k - a wand of iceblast (16)
 s - a wand of mindburst (3)
 P - a wand of polymorph (17)
Scrolls
 c - 6 scrolls of amnesia
 i - 3 scrolls of identify
 t - 3 scrolls of enchant armour
 x - a scroll of enchant weapon
 y - 6 scrolls of immolation
 F - 4 scrolls of fog
 T - 5 scrolls of teleportation
Potions
 o - 3 potions of ambrosia
 q - 8 potions of curing
 u - 3 potions of mutation {!q}
 z - a potion of brilliance
 A - 5 potions of attraction
 H - 4 potions of haste {!q}
 K - 4 potions of magic {!q}
 L - 4 potions of lignification
 M - a potion of might
 W - a potion of heal wounds {!q}
 X - a potion of flight
 Z - a potion of berserk rage {!q}
Miscellaneous
 O - a box of beasts


   Skills:
 - Level 3.0 Fighting
 - Level 4.1 Polearms
 - Level 6.0 Throwing
 - Level 3.0 Dodging
 - Level 3.0 Stealth
 + Level 9.5 Spellcasting
 - Level 5.0 Conjurations
 - Level 3.0 Transmutations
 * Level 13.8 Ice Magic
 - Level 3.0 Air Magic
 - Level 10.0 Poison Magic
 - Level 5.0 Evocations


You had 12 spell levels left.
You knew the following spells:

 Your Spells              Type           Power      Damage    Failure   Level
a - Ozocubu's Refrigerat  Ice            36%        4d15      13%         7
f - Mephitic Cloud        Conj/Pois/Air  45%        N/A       1%          3
k - Sting                 Tmut/Pois      100%       1d8       1%          1
m - Frozen Ramparts       Ice            100%       1d16      1%          3
r - Olgreb's Toxic Radia  Pois           61%        N/A       1%          4
C - Poisonous Vapours     Pois/Air       96%        N/A       1%          2

Your spell library contained the following spells:

 Spells                   Type           Power      Damage    Failure   Level
 Freeze                   Ice            100%       1d10      0%          1
 Foxfire                  Conj/Fire      100%       2x1d9     1%          1
 Hailstorm                Conj/Ice       59%        3d13      1%          3
 Slow                     Hex            48%        N/A       4%          1
 Dazzling Flash           Conj/Hex       52%        N/A       4%          3
 Vhi's Electric Charge    Tloc/Air       42%        N/A       8%          3
 Confusing Touch          Hex            12%        N/A       14%         3
 Gell's Gravitas          Tloc           12%        N/A       14%         3
 Teleport Other           Tloc           12%        N/A       14%         3
 Vampiric Draining        Necr           12%        2d6       14%         3
 Anguish                  Hex/Necr       6%         N/A       41%         4
 Cause Fear               Hex            6%         N/A       41%         4
 Leda's Liquefaction      Hex/Erth       6%         N/A       41%         4
 Fireball                 Conj/Fire      13%        3d7       41%         5
 Silence                  Hex/Air        10%        N/A       56%         5
 Agony                    Necr           12%        N/A       77%         5
 Lee's Rapid Deconstruct  Erth           6%         3d6*      77%         5
 Iron Shot                Conj/Erth      13%        9d3       94%         6
 Starburst                Conj/Fire      13%        6d5       94%         6
 Statue Form              Tmut/Erth      14%        N/A       98%         6
 Dispersal                Tloc           6%         N/A       100%        6
 Dragon Form              Tmut           14%        N/A       100%        7
 Enfeeble                 Hex            6%         N/A       100%        7
 Ignition                 Fire           6%         3d4       100%        8
 Chain Lightning          Conj/Air       17%        3d22      100%        9
 Dragon's Call            Summ           6%         N/A       100%        9
 Fire Storm               Conj/Fire      13%        8d3       100%        9
 Shatter                  Erth           6%         3d9*      100%        9


Dungeon Overview and Level Annotations

Branches:
Dungeon (11/15) Zot: 25992  Temple (1/1) D:7 Zot: 5820    Lair (4/5) D:10 Zot: 19953
 Shoals (0/4) Lair:2        Snake (0/4) Lair:2        Slime (0/5) Lair:4
    Orc (0/2) D:11          IceCv (visited)

Altars:
Ashenzari
Cheibriados
Dithmenos
Fedhas
Gozag
Hepliaklqana
Kikubaaqudgha
Makhleb
Nemelex Xobeh
Okawaru
Qazlal
Ru
Sif Muna
Trog
Uskayaw
Vehumet
Wu Jian
Xom
Yredelemnul
Jiyva

Shops:
D:4 =   D:7 (

Annotations:
D:7 dig (q potion)
D:10 exclusion: hydra
D:11 exclusion: orange crystal statue


Innate Abilities, Weirdness & Mutations

You have a pair of antennae on your head.
You are mostly covered in rugged brown scales. (AC +2, +5% HP)
Your demonic aura sometimes causes spilled blood to erupt in flames.
You regenerate health from kills.
Your magical and physical power is slightly enhanced at high health.


Message History

The frozen ramparts melt away as you move.
You feel sick.
The catoblepas is engulfed in blazing flames.
The catoblepas gores you!!
Casting: Frozen Ramparts (safe; 1% risk of failure)
Confirm with . or Enter, or press ? or * to list all spells.
Aiming: Poisonous Vapours (safe; 1% risk of failure)
Press: ? - help, Dir - move target, f - catoblepas
Aim: a catoblepas (almost dead, extremely poisoned) Poisonous vapours surround the catoblepas!
The catoblepas looks as sick as possible!
You feel sick. The catoblepas completely misses you.
You hit the catoblepas but do no damage.
The catoblepas is almost dead.
The catoblepas gores you but does no damage.
You hit the catoblepas but do no damage.
The catoblepas is almost dead.
You feel sick.
The catoblepas breathes a plume of calcifying dust at you.
The blast of calcifying dust hits you but does no damage.
You feel sick.
You hit the catoblepas but do no damage.
The catoblepas is almost dead.
You feel sick.
You are no longer poisoned.
The catoblepas barely misses you.
You hit the catoblepas but do no damage.
The catoblepas is almost dead.
The catoblepas gores you but does no damage.
You hit the catoblepas but do no damage.
The catoblepas is almost dead.
The catoblepas gores you!
You hit the catoblepas but do no damage.
The catoblepas is almost dead.
The catoblepas gores you but does no damage.
You hit the catoblepas but do no damage.
The catoblepas is almost dead.
The catoblepas barely misses you.
The catoblepas attacks as you move away!
The catoblepas gores you!
* * * LOW HITPOINT WARNING * * *
Casting: Poisonous Vapours (safe; 1% risk of failure)
Confirm with . or Enter, or press ? or * to list all spells.
Aiming: Poisonous Vapours (safe; 1% risk of failure)
Press: ? - help, Dir - move target, f/p - catoblepas
Aim: a catoblepas (almost dead, very poisoned) Poisonous vapours surround the catoblepas!
The catoblepas looks as sick as possible!
The catoblepas gores you!!
You die...

..........................#....
...#..#P.....#...##....).......
..#####...................#....
.< #...............#.[.##... #.
#(..##........##....# ... #
#..###..#.....# ###... ####
###....### .... ##....# .#..
#.@..#


PP... ##Y..## #....# ##..## #..... #.<...... #.........# ..........#
..........#. You could see a catoblepas (extremely poisoned).

Vanquished Creatures
  A frost giant (IceCv)
  Harold (D:9)
  2 two-headed ogres
  Erica (D:8)
  7 death yaks
  A skyshark (Lair:4)
  A lindwurm (Lair:3)
  3 cyclopes
  A salamander (Lair:2)
  4 elephants (Lair:3)
  3 black mambas
  A merfolk siren (Lair:2)
  An apocalypse crab (Lair:1)
  7 cane toads
  Maggie (D:9)
  Psyche (D:10)
  3 komodo dragons
  An ice devil (Lair:1)
  A troll (D:11)
  A tyrant leech (Lair:2)
  12 polar bears
  4 blink frogs (Lair:1)
  2 merfolk (Lair:2)
  Sigmund (D:6)
  3 wraiths
  A vampire (D:10)
  35 yaks
  2 wyverns
  2 basilisks
  Menkaure (D:5)
  A swamp worm (Lair:2)
  An acid dragon (D:11)
  13 water moccasins
  A sky beast (D:7)
  4 black bears
  23 wolves
  3 centaurs
  3 phantoms
  8 kobold brigands
  6 bullfrogs
  7 scorpions
  6 wights (D:7)
  2 electric eels (Lair:2)
  A howler monkey (D:5)
  4 lava snakes
  4 jellies
  7 orc priests
  A gnoll bouda (D:7)
  A hound (D:5)
  Ijyb (D:5)
  9 orc wizards
  7 iguanas
  4 gnolls (D:3)
  6 adders
  2 shadow imps
  5 white imps
  2 ufetubi
  2 worms
  3 dart slugs
  28 orcs
  5 ball pythons
  9 endoplasms
  2 giant cockroaches
  5 goblins
  8 hobgoblins
  37 kobolds
  2 quokkas
  9 bats
  6 frilled lizards
  4 rats
357 creatures vanquished.

Vanquished Creatures (others)
  49 fungi
  56 plants
105 creatures vanquished.

Grand Total: 462 creatures vanquished

Notes
Turn   | Place    | Note
-------+----------+-------------------------------------------
     0 | D:1      | Ge0ff the Demonspawn Venom Mage began the quest for the
                  | Orb.
     0 | D:1      | Reached XP level 1. HP: 13/13 MP: 3/3
   244 | D:1      | Reached skill level 1 in Fighting
   402 | D:1      | Gained mutation: You regenerate a little health from kills.
                  | [demonic ancestry]
   402 | D:1      | Reached XP level 2. HP: 17/21 MP: 0/5
   502 | D:1      | Learned a level 2 spell: Poisonous Vapours
   674 | D:1      | Reached skill level 1 in Transmutations
  1635 | D:2      | Found a hide-covered altar of Uskayaw.
  1642 | D:2      | Gained mutation: Your demonic aura sometimes causes spilled
                  | blood to erupt in flames. [demonic ancestry]
  1642 | D:2      | Reached XP level 3. HP: 26/26 MP: 6/6
  2093 | D:2      | Learned a level 3 spell: Mephitic Cloud
  2191 | D:2      | Noticed a phantom
  2201 | D:2      | Killed a phantom
  2202 | D:2      | Reached skill level 1 in Air Magic
  2202 | D:2      | Gained mutation: You are partially covered in rugged brown
                  | scales. (AC +1, +3% HP) [demonic ancestry]
  2202 | D:2      | Reached XP level 4. HP: 20/32 MP: 6/8
  2815 | D:3      | Gained mutation: You are mostly covered in rugged brown
                  | scales. (AC +2, +5% HP) [demonic ancestry]
  2815 | D:3      | Reached XP level 5. HP: 22/38 MP: 7/9
  3234 | D:3      | Reached skill level 1 in Polearms
  3705 | D:4      | Reached XP level 6. HP: 45/45 MP: 10/10
  3878 | D:4      | Found Zihezumua's Jewellery Shoppe.
  4007 | D:4      | Reached skill level 1 in Conjurations
  4007 | D:4      | Reached skill level 5 in Poison Magic
  4601 | D:5      | Entered Level 5 of the Dungeon
  4654 | D:5      | Noticed Menkaure
  4745 | D:5      | Killed Menkaure
  4746 | D:5      | Reached skill level 1 in Evocations
  4746 | D:5      | Reached XP level 7. HP: 23/50 MP: 11/11
  5058 | D:5      | Noticed Ijyb
  5071 | D:5      | Killed Ijyb
  5268 | D:5      | Learned a level 4 spell: Olgreb's Toxic Radiance
  5721 | D:6      | Noticed Sigmund
  5732 | D:6      | Killed Sigmund
  5733 | D:6      | Gained mutation: You have a pair of small antennae on your
                  | head. [demonic ancestry]
  5733 | D:6      | Reached XP level 8. HP: 51/56 MP: 1/12
  6418 | D:6      | Identified the +1 chain mail "Kownessi" {rC+ Str-2 Dex+3}
  6801 | D:7      | Reached skill level 5 in Conjurations
  6928 | D:7      | Gained mutation: You regenerate health from kills. [demonic
                  | ancestry]
  6928 | D:7      | Reached XP level 9. HP: 61/61 MP: 4/15
  7055 | D:7      | Noticed a cyclops
  7067 | D:7      | Found a staircase to the Ecumenical Temple.
  7079 | Temple   | Entered the Ecumenical Temple
  7421 | D:7      | Found Tireffib's Antique Weapon Shoppe.
  8056 | D:7      | Killed a cyclops
  8146 | D:7      | Reached skill level 10 in Poison Magic
  8460 | D:8      | Found a transporter.
  8461 | D:8      | Found a transporter.
  8462 | D:8      | Found a transporter.
  8469 | D:8      | Found a transporter.
  8600 | D:8      | Found a broken altar of Ashenzari.
  8603 | D:8      | Found a shimmering blue altar of Sif Muna.
  8611 | D:8      | Became a worshipper of Sif Muna the Loreminder
  8769 | D:8      | Noticed Erica
  8781 | D:8      | Killed Erica
  8782 | D:8      | Reached skill level 1 in Throwing
  9176 | D:9      | Reached XP level 10. HP: 43/72 MP: 9/16
  9325 | D:9      | Found an ornate altar of the Wu Jian Council.
  9351 | D:9      | Noticed Maggie
  9369 | D:9      | Noticed Harold
  9371 | D:9      | Killed Maggie
  9379 | D:9      | Killed Harold
  9654 | D:9      | Found a shimmering altar of Xom.
  9797 | D:9      | Learned a level 7 spell: Ozocubu's Refrigeration
  9858 | D:9      | Found a stormy altar of Qazlal.
 10274 | D:10     | Entered Level 10 of the Dungeon
 10309 | D:10     | Noticed a six-headed hydra
 10337 | D:10     | Reached skill level 1 in Ice Magic
 10376 | D:10     | Noticed a two-headed ogre
 10387 | D:10     | Killed a two-headed ogre
 10388 | D:10     | Reached skill level 2 in Ice Magic
 10397 | D:10     | Reached skill level 3 in Ice Magic
 10766 | D:10     | Found a staircase to the Lair.
 11102 | D:10     | Noticed Psyche
 11107 | D:10     | Killed Psyche
 11108 | D:10     | Reached skill level 5 in Spellcasting
 11108 | D:10     | Reached skill level 4 in Ice Magic
 11258 | D:10     | Reached * piety under Sif Muna
 11268 | D:10     | Reached skill level 5 in Throwing
 11268 | D:10     | Gained mutation: Your magical and physical power is
                  | slightly enhanced at high health. [demonic ancestry]
 11268 | D:10     | Reached XP level 11. HP: 78/78 MP: 2/18
 12019 | D:11     | Found a staircase to the Orcish Mines.
 12249 | D:11     | Reached skill level 5 in Ice Magic
 12281 | D:11     | Noticed an orange crystal statue
 12384 | D:11     | Learned a level 3 spell: Frozen Ramparts
 12721 | D:11     | Noticed a two-headed ogre
 12727 | D:11     | Killed a two-headed ogre
 13020 | Lair:1   | Entered Level 1 of the Lair of Beasts
 13122 | Lair:1   | Found a frozen archway.
 13184 | Lair:1   | You fall into a shaft and drop 1 floor!
 13190 | Lair:2   | Noticed a death yak
 13191 | Lair:2   | Noticed a death yak
 13192 | Lair:2   | Noticed a death yak
 13214 | Lair:2   | Killed a death yak
 13215 | Lair:2   | Reached skill level 6 in Ice Magic
 13215 | Lair:2   | Reached skill level 5 in Evocations
 13219 | Lair:2   | Killed a death yak
 13225 | Lair:2   | Killed a death yak
 13282 | Lair:1   | Reached ** piety under Sif Muna
 13283 | Lair:1   | Reached skill level 7 in Ice Magic
 13410 | IceCv    | Entered an ice cave
 13527 | IceCv    | Reached skill level 8 in Ice Magic
 13626 | IceCv    | Reached skill level 10 in Ice Magic
 13626 | IceCv    | Reached XP level 12. HP: 85/85 MP: 22/22
 13810 | IceCv    | Reached XP level 13. HP: 53/90 MP: 19/23
 13910 | IceCv    | Reached skill level 11 in Ice Magic
 14287 | IceCv    | Reached *** piety under Sif Muna
 14410 | IceCv    | Noticed a frost giant
 14414 | IceCv    | Reached skill level 12 in Ice Magic
 14415 | IceCv    | Killed a frost giant
 14615 | IceCv    | Got the Quarto of Aerial Bruises
 16515 | Lair:2   | Found a staircase to the Snake Pit.
 16693 | Lair:2   | Reached skill level 13 in Ice Magic
 16888 | Lair:2   | Reached **** piety under Sif Muna
 17029 | Lair:2   | Found a staircase to the Shoals.
 18400 | Lair:4   | Found a staircase to the Slime Pits.
 18419 | Lair:4   | Found a viscous altar of Jiyva.
 18478 | Lair:4   | Gained mutation: You have a pair of antennae on your head.
                  | [demonic ancestry]
 18478 | Lair:4   | Reached XP level 14. HP: 63/97 MP: 18/27
 18491 | Lair:4   | Slain by a catoblepas

Illustrated notes

Levels and vault maps discovered:
D:1:      lightli_arrival_noodles, layout_basic, chequers_big_river,
          serial_park_tiny_2
D:2:      layout_loops_corners, basic_altar
D:3:      layout_basic
D:4:      layout_loops_cross, minmay_shop_enchanted_jewellery, hex_large
D:5:      layout_loops_ring, uniq_ijyb, uniq_menkaure
D:6:      layout_loops_ring, uniq_sigmund
D:7:      minmay_clustersquares, layout_basic,
          minmay_temple_entry_gardened_gates, serial_shops,
          nicolae_shop_statue_plus, item_on_display_a
D:8:      layout_loops_ring, grunt_temple_overflow_open,
          minmay_misc_feat_diagonals, nicolae_diode_quadrants, uniq_erica
D:9:      layout_gridville, nicolae_qazlal_scattered_showers,
          nzn_wu_jian_council_hall, mainiacjoe_overflow_catwalk, uniq_maggie,
          uniq_harold
D:10:     layout_irregular_city, due_lair_maze_entry_diamond,
          chequers_mini_garden, chequers_serial_rivers_room_a,
          serial_park_tiny_1, kennysheep_island_fort, uniq_psyche
D:11:     layout_rooms, orc_0_dummy, minivault_16, minmay_unpleasant_kobolds
Temple:   bh_familiar_temple
Lair:1:   layout_regular_city, portal_ice_cave_demonic_guard, grunt_megastairs_5
Lair:2:   layout_regular_city, elwin_shoals_entry_rooms,
          nicolae_snake_entry_warm_welcome, serial_bayou, serial_bayou_pond_d,
          serial_bayou_pond_e, serial_bayou_pond_d, serial_bayou_pond_b,
          worms_lemuel
Lair:3:   layout_chaotic_city
Lair:4:   layout_misc_corridors, nicolae_slime_entry_field_trip,
          grunt_megastairs_2

Skill      XL: |  1  2  3  4  5  6  7  8  9 10 11 12 13 |
---------------+----------------------------------------+-----
Fighting       | 1 2 3 |  3.0
Transmutations | 1 2 3 |  3.0
Air Magic      | 1 2 3 |  3.0
Spellcasting   | 3 4 5 7 9 |  9.5
Poison Magic   | 4 5 7 10 | 10.0
Polearms       | 1 2 3 4 |  4.1
Conjurations   | 1 3 5 |  5.0
Stealth        | 2 3 |  3.0
Evocations     | 1 2 3 5 |  5.0
Dodging        | 2 3 |  3.0
Throwing       | 2 5 6 |  6.0
Ice Magic      | 4 10 13 | 13.8

Action                     |  1- 3 |  4- 6 |  7- 9 | 10-12 | 13-15 || total
---------------------------+-------+-------+-------+-------+-------++-------
  Melee: Unarmed           |    15 |       |       |       |       ||    15
         Spear             |    39 |   118 |   229 |   231 |   200 ||   817
         Punch             |     1 |       |     4 |     6 |     1 ||    12
  Throw: Boomerang         |       |       |     5 |     1 |     6 ||    12
         Dart              |       |       |       |     1 |       ||     1
         Throwing net      |       |       |       |     1 |       ||     1
         Javelin           |       |       |       |     1 |       ||     1
   Cast: Sting             |    32 |       |     6 |     3 |       ||    41
         Poisonous Vapours |     5 |    30 |    90 |    43 |    55 ||   223
         Mephitic Cloud    |       |       |     2 |     8 |     8 ||    18
         Olgreb's Toxic Ra |       |       |       |    26 |    37 ||    63
         Frozen Ramparts   |       |       |       |     1 |    24 ||    25
  Evoke: Wand              |       |     1 |     8 |    16 |     1 ||    26
    Use: Scroll            |     3 |     7 |     3 |    10 |     1 ||    24
         Potion            |       |       |       |    11 |     1 ||    12
   Stab: Sleeping          |     2 |    10 |       |       |       ||    12
         Confused          |       |       |     3 |     1 |     2 ||     6
         Distracted        |       |       |     1 |       |       ||     1
         Held in net/web   |       |       |       |     1 |       ||     1
 Armour: Robe              |     8 |    28 |    34 |    51 |    65 ||   186
         Skin              |       |       |       |     5 |       ||     5
  Dodge: Dodged            |    27 |    34 |    82 |    94 |    98 ||   335
  Block: Other             |       |       |       |    42 |    37 ||    79
         Reflection        |       |       |       |     1 |     1 ||     2

Table legend: (Time is in decaauts)
 A = Elapsed time spent in this place.
 B = Non-inter-level travel time spent in this place.
 C = Inter-level travel time spent in this place.
 D = Time resting spent in this place.
 E = Time spent auto-exploring this place.
 F = Levels seen in this place.
 G = Mean time per level.
                   A        B        C        D        E       F      G
               +--------+--------+--------+--------+--------+-----+--------+
         Total |  18514 |  17858 |    656 |    620 |  14012 |  17 | 1089.1 |
       Dungeon |  12852 |  12339 |    513 |    291 |  10022 |  11 | 1168.4 |
        Temple |    179 |    169 |     10 |      0 |    163 |   1 |  179.0 |
          Lair |   4045 |   3913 |    132 |     99 |   3075 |   4 | 1011.2 |
      Ice Cave |   1436 |   1436 |      0 |    230 |    752 |   1 | 1436.0 |
               +--------+--------+--------+--------+--------+-----+--------+

Top non-repeatable levels by time:
    D:10: 1579 daAuts
  Lair:2: 1524 daAuts
     D:7: 1499 daAuts
     D:1: 1481 daAuts
   IceCv: 1436 daAuts
     D:9: 1305 daAuts
     D:2: 1198 daAuts
  Lair:1: 1191 daAuts
     D:3: 1036 daAuts
     D:5: 992 daAuts
    D:11: 992 daAuts
     D:6: 965 daAuts
  Lair:3: 938 daAuts
     D:4: 902 daAuts
     D:8: 899 daAuts
